AoeStats
← lapskaus

Four Lakes

508683928Analyzed
1v1 RM · 10d ago on Sep 23, 2026· 30m 26s· 2 players
Game mode
Random Map
Map size
Tiny (2 player)
Population
200
Speed
Normal
Resources
Standard
Victory
Conquest
Starting age
Dark Age
Ending age
Imperial Age
RankedLock teamsTeams togetherTeam positionsShared explorationLock speedFull tech treeHidden civsTurbo modeCheats
Victory
Defeat
🇦🇷 Japanese · Argentina
1093
+14
🇳🇴 Goths · Norway
1053
-14
lapskaus
12:03 Feudal Age
10:48 Loom
12:30 Man-at-Arms
13:44 Double-Bit Axe
16:01 Wheelbarrow
17:44 Forging
17:35 Scale Mail Armor
18:45 Fishing Lines
19:58 Fletching
23:41 Castle Age
24:29 Padded Archer Armor
24:24 Bodkin Arrow
23:53 Crossbowman
25:07 Hand Cart
24:35 Horse Collar
25:38 Bow Saw
28:36 Scale Barding Armor
30:07 Gold Mining
Gulrich
7:06 Loom
10:27 Feudal Age
11:20 Man-at-Arms
16:11 Scale Mail Armor
17:15 Forging
25:45 Castle Age
24:43 Fletching
24:59 Double-Bit Axe
25:09 Fishing Lines
26:24 Padded Archer Armor
26:50 Bodkin Arrow
26:28 Long Swordsman
27:20 Pikeman
28:02 Squires
30:07 Town Watch
31:27 Wheelbarrow
Connection lost

Rejoining the realm…

Still unreachable

The connection could not be restored.

Session expired

The server has moved on; the page needs a fresh start.